 Dungeon Crawl Stone Soup version 0.15-b1-82-g4aef8f9 (webtiles) character file.

343 Christof the Shield-Bearer (level 6, 0/53 HPs)
             Began as a Minotaur Fighter on Aug 15, 2014.
             Succumbed to a scorpion's poison
             ... on Level 4 of the Dungeon.
             The game lasted 00:13:33 (2773 turns).

Christof the Shield-Bearer (Minotaur Fighter)       Turns: 2773, Time: 00:13:33

HP   0/53        AC  7     Str 21      XL: 6   Next: 31%
MP   3/3         EV  7     Int 12      God:
Gold 94          SH  0     Dex  9      Spells:  0 memorised,  5 levels left

rFire  . . .     SeeInvis .     v - +3 mace
rCold  . . .     Clarity  .     E - +0 scale mail
rNeg   . . .     rCorr    .     c - +0 shield
rPois  .         rRot     .     (helmet restricted)
rElec  .         Spirit   .     (no cloak)
SustAb .         Warding  .     (no gloves)
rMut   .         Stasis   .     (no boots)
Gourm  .                        (no amulet)
MR     .....                    (no ring)
                                (no ring)

@: confused, brilliant, lethally poisoned, not resistant to hostile
enchantments, extremely unstealthy
A: retaliatory headbutt, horns 2
a: no special abilities


You were on level 4 of the Dungeon.
You were not hungry.

You visited 1 branch of the dungeon, and saw 4 of its levels.

You collected 94 gold pieces.

Inventory:

Hand weapons
 a - a +0 flail
 v - a +3 mace (weapon)
Armour
 b - a +0 scale mail
 c - a +0 shield (worn)
 l - a +0 buckler
 x - a +0 buckler
 E - a +0 scale mail (worn)
Magical devices
 z - a wand of flame (10) {unknown}
Comestibles
 d - 4 bread rations
 f - 2 slices of pizza
 k - a beef jerky
 t - a meat ration
 C - 3 chunks of orc flesh
 F - 3 chunks of orc flesh
Scrolls
 g - a scroll of teleportation
 h - 2 scrolls of remove curse
 m - a scroll of fog {unknown}
 n - 2 scrolls of identify
 q - 2 scrolls of magic mapping
 u - a scroll of enchant weapon {unknown}
 y - a scroll of noise {unknown}
Potions
 e - 2 potions of might
 i - a potion of brilliance
 j - a potion of cancellation {unknown}
 p - a potion of curing {unknown}
 r - a potion of magic {unknown}
 w - a potion of agility {unknown}
 A - a potion of restore abilities {unknown}
 D - a potion of mutation {unknown}
Books
 s - a book of Power

   Spells                             Type                      Level
   Fulminant Prism                    Conjuration/Hexes            4
   Iskenderun's Mystic Blast          Conjuration                  4
   Venom Bolt                         Conjuration/Poison           5
   Bolt of Magma                      Conjuration/Fire/Earth       5
   Iron Shot                          Conjuration/Earth            6
   Orb of Destruction                 Conjuration                  7


   Skills:
 + Level 4.7 Fighting
 * Level 4.6 Maces & Flails
 + Level 5.3 Armour
 + Level 0.3 Stealth
 + Level 5.5 Shields


You had 5 spell levels left.
You didn't know any spells.

Dungeon Overview and Level Annotations

Branches:
Dungeon (4/15)
 Temple: D:4-7

Altars:
Elyvilon


Innate Abilities, Weirdness & Mutations

You reflexively headbutt those who attack you in melee.
You have a pair of horns on your head.


Message History

The scorpion barely misses you.
You hit the scorpion.
You headbutt the scorpion, but do no damage.
The scorpion is heavily wounded.
* * * LOW HITPOINT WARNING * * *
You feel sick. The hound bites you but does no damage. The scorpion stings you.
* * * LOW HITPOINT WARNING * * *
The hound bites you but does no damage.
Drink which item? (? for menu, Esc to quit)
You feel clever all of a sudden.
It was a potion of brilliance.
The hound completely misses you. The scorpion barely misses you.
Drink which item? (? for menu, Esc to quit)
You are confused.
It was a potion of confusion.
* * * LOW HITPOINT WARNING * * *
You feel sick. The hound barely misses you.
The scorpion stings you but does no damage.
The hound completely misses you.
You die...

. #.# ...### #.#
.......##.#######
#....#..........##
...##.###..........
....#....<###....#.
......#..### #..
.<.....#..#.##
.......s@....#...
##.....%(h.......
#........$......
......####......
####!. .##.. #.# ##
## #. #.


You could see a scorpion and a hound.

Vanquished Creatures
  Sigmund (D:3)
  An orc wizard (D:3)
  A worker ant (D:3)
  A hound (D:4)
  Jessica (D:3)
  9 adders
  A worm (D:2)
  A giant mite (D:2)
  8 giant geckos
  4 oozes
  8 orcs (D:3)
  2 giant cockroaches
  6 goblins
  3 hobgoblins (D:1)
  5 bats
  3 giant newts
  10 kobolds
  4 rats
69 creatures vanquished.

Notes
Turn   | Place    | Note
--------------------------------------------------------------
     0 | D:1      | Christof, the Minotaur Fighter, began the quest for the Orb.
     0 | D:1      | Reached XP level 1. HP: 19/19 MP: 1/1
    47 | D:1      | Reached skill level 4 in Shields
   109 | D:1      | Reached XP level 2. HP: 25/27 MP: 1/1
   655 | D:2      | Reached XP level 3. HP: 30/33 MP: 2/2
  1032 | D:2      | Reached XP level 4. HP: 40/40 MP: 2/2
  1240 | D:2      | Found a white marble altar of Elyvilon.
  1734 | D:3      | Reached XP level 5. HP: 47/47 MP: 2/2
  2018 | D:3      | Noticed Sigmund
  2023 | D:3      | Noticed Jessica
  2025 | D:3      | Killed Jessica
  2039 | D:3      | Killed Sigmund
  2039 | D:3      | Reached skill level 5 in Armour
  2039 | D:3      | Reached skill level 5 in Shields
  2290 | D:3      | Reached XP level 6. HP: 37/53 MP: 3/3
  2770 | D:4      | HP: 2/53 [scorpion (6)]
  2773 | D:4      | Succumbed to a scorpion's poison

Action                   |  1- 3 |  4- 6 || total
-------------------------+-------+-------++-------
Melee: Flail             |    88 |   136 ||   224
       Mace              |       |    30 ||    30
  Use: Scroll            |       |     4 ||     4
       Potion            |       |     2 ||     2
  Eat: Chunk             |     1 |     5 ||     6
